 Dungeon Crawl Stone Soup version 0.27.0-1-g7a089689b8 (webtiles) character file.

Game seed: 6223781320936630446

2048 Spaninq the Carver (level 9, -6/69 HPs)
             Began as a Human Chaos Knight on Aug 10, 2021.
             Was a Plaything of Xom.
             Mangled by a shadow (19 damage)
             ... on level 7 of the Dungeon.
             The game lasted 00:19:37 (7493 turns).

Spaninq the Carver (Human Chaos Knight)             Turns: 7493, Time: 00:19:38

Health: -6/69      AC: 13    Str: 16    XL:     9   Next: 49%
Magic:  9/9        EV:  6    Int: 12    God:    Xom [......]
Gold:   209        SH:  5    Dex: 16    Spells: 8/8 levels left

rFire    . . .     SeeInvis .   n - +5 long sword
rCold    . . .     Faith    .   r - +0 buckler
rNeg     . . .     Spirit   .   j - +0 plate armour
rPois    .         Reflect  .   (no helmet)
rElec    .         Harm     .   (no cloak)
rCorr    .         Rampage  .   m - +0 pair of gloves {Dex+3}
Will     .....                  (no boots)
Stlth    ..........             (no amulet)
HPRegen  0.21/turn              (no ring)
MPRegen  0.11/turn              (no ring)

@: unable to read
A: wild magic 2, inability to read while threatened
a: Renounce Religion


You were on level 7 of the Dungeon.
You worshipped Xom.
You were a very special plaything of Xom.
You visited 1 branch of the dungeon, and saw 9 of its levels.

You collected 209 gold pieces.

Inventory:

Hand Weapons
 n - a +5 long sword (weapon)
 v - a +2 vorpal scimitar
Missiles
 g - 21 poisoned darts (quivered)
Armour
 j - a +0 plate armour (worn)
 m - a +0 pair of gloves of dexterity (worn)
 q - a +0 kite shield
 r - a +0 buckler (worn)
 t - a +0 tower shield
Jewellery
 e - a ring of fire
Wands
 k - a wand of acid (4)
 u - a wand of flame (21)
Scrolls
 a - 2 scrolls of enchant weapon
 b - a scroll of amnesia
 c - 2 scrolls of teleportation
 h - a scroll of enchant armour
 o - a scroll of identify
 w - a scroll of summoning {unknown}
Potions
 d - 2 potions of flight
 i - 2 potions of attraction
 l - 6 potions of curing
 p - a potion of cancellation
 s - a potion of lignification {unknown}


   Skills:
 + Level 6.1 Fighting
 * Level 8.2 Long Blades
 + Level 4.5 Armour
 + Level 4.2 Dodging
 - Level 4.0 Shields


You had 8 spell levels left.
You didn't know any spells.
Your spell library was empty.

Dungeon Overview and Level Annotations

Branches:
Dungeon (9/15)             Temple (0/1) D:7
   Lair: D:8-11         Orc: D:9-12

Altars:
Wu Jian
Xom

Shops:
D:1 [

Annotations:
D:4 3 runed translucent doors, ZombieSheep's ghost, amateur GnSu


Innate Abilities, Weirdness & Mutations

Your spells are harder to cast, but more powerful.
You sometimes lose the ability to read scrolls when taking damage.


Message History

* * * LOW HITPOINT WARNING * * *
You hit the orc.
You kill the orc!
Items here: ( ) [ †.
Okay, then.
You can read scrolls again.
A troll comes into view.
A shadow comes into view.
You see here a scroll labelled FOG UGISOEWI.
w - a scroll labelled FOG UGISOEWI You hear the hiss of a distant avalanche of sand.
The shadow slips into darkness.
The shadow flickers and vanishes!
Deactivating autopickup; reactivate with Ctrl-A.
As you read the scroll of magic mapping, it crumbles to dust.
You feel aware of your surroundings.
You sensed 1 shop/portal.
Xom makes a sudden noise!
You hear an echo.
Items here: ( ) [ †.
Things that are here:
a +3 long sword; a +0 robe; 18 gold pieces The shadow strikes at you from the darkness!
You feel threatened and lose the ability to read scrolls!
* * * LOW HITPOINT WARNING * * *
Reactivating autopickup.
Unknown command.
You cannot read scrolls in your current state!
You feel better. The shadow hits you.
You hit the shadow.
The shadow is lightly damaged.
The shadow hits you.
You closely miss the shadow.
The shadow is lightly damaged.
The shadow hits you.
You barely miss the shadow.
The shadow is lightly damaged.
The shadow slips into darkness.
The shadow flickers and vanishes!
Deactivating autopickup; reactivate with Ctrl-A.
You hit something but do no damage.
The shadow strikes at you from the darkness!
You die...

,* ####* +******* ***...#*
,,,,,,,**#.,,#..*
,,,,,,,*,.(####[#################
,,,,,,,*,#.......................
,,,,,,,,,>.#......##.###.........
,********#.#......##.##....###.##
,* ******#........##)#....##.....
,* *,,,,,.....#.@###)..).##..#.#.
,* *,****#..#.##{##...#.##.T##.##
,***,,,,,...#,*#..)..##.#..#....,
,**,,,,*,..,,,*#####.##.#.##.....
,**,,,,*,,,*,,* #)#...........
,**,,,,*,,,*..######)#..#.##.....
,+,,,,,,,,,,........)...#..#.....
,***+*******..######.#..##..##.##
,* *,,,,,,,,,,* #.....##.Y#,*,


There were no monsters in sight!

Vanquished Creatures
  Eustachio (D:5)
  2 orc warriors (D:7)
  An ice beast (D:7)
  2 necrophages
  An ogre (D:5)
  A centaur (D:7)
  A phantom (D:5)
  Blork the orc (D:5)
  A gnoll sergeant (D:4)
  A bullfrog (D:7)
  A scorpion (D:4)
  A wyvern skeleton (D:7)
  2 wights
  A howler monkey (D:7)
  2 jellies
  2 hounds
  4 orc priests
  A centaur skeleton (D:7)
  A gnoll shaman (D:7)
  3 bullfrog skeletons
  2 iguanas
  Ijyb (D:4)
  3 orc wizards
  3 killer bee zombies
  5 adders
  5 gnolls
  A shadow imp (D:5)
  An ufetubus (D:5)
  20 orcs
  4 bats
  10 endoplasms
  4 giant cockroaches
  7 goblins
  6 hobgoblins
  13 jackals
  7 quokkas
  7 ball pythons
  5 frilled lizards
  3 kobolds
  6 rats
143 creatures vanquished.

Vanquished Creatures (others)
  2 plants (D:4)
2 creatures vanquished.

Grand Total: 145 creatures vanquished

Notes
Turn   | Place    | Note
-------+----------+-------------------------------------------
     0 | D:1      | Spaninq the Human Chaos Knight began the quest for the Orb.
     0 | D:1      | Reached XP level 1. HP: 18/18 MP: 1/1
    28 | D:1      | Found Hitocw's Armour Boutique.
    58 | D:1      | XOM: silly message
    70 | D:1      | XOM: silly message
    97 | D:1      | XOM: silly message
   194 | D:1      | XOM: cast spell 'Leda's Liquefaction'
   240 | D:1      | XOM: noise
   282 | D:1      | Reached XP level 2. HP: 9/24 MP: 2/2
   414 | D:1      | XOM: noise
   625 | D:1      | XOM: god gift: glowing war axe {god gift}
   688 | D:1      | Reached XP level 3. HP: 18/29 MP: 3/3
   728 | D:1      | XOM: divination: detect items
   977 | D:1      | XOM: cloud trail
  1002 | D:1      | Reached skill level 4 in Long Blades
  1086 | D:1      | XOM: give mutation
  1086 | D:1      | Gained mutation: Your spells are a little harder to cast,
                  | but a little more powerful. [Xom's grace]
  1602 | D:2      | Reached XP level 4. HP: 35/35 MP: 4/4
  1970 | D:2      | Found a faded altar of an unknown god.
  2255 | D:2      | XOM: silly message
  2286 | D:3      | XOM: butterfly on damage
  2289 | D:3      | Reached XP level 5. HP: 19/42 MP: 5/5
  2418 | D:3      | XOM: silly message
  2726 | D:3      | XOM: divination: detect creatures
  2733 | D:3      | Reached skill level 5 in Long Blades
  2830 | D:3      | Found an ornate altar of the Wu Jian Council.
  2969 | D:3      | XOM: silly message
  2993 | D:4      | XOM: smoke on damage
  3240 | D:4      | XOM: scenery: create altars
  3318 | D:4      | Reached XP level 6. HP: 46/48 MP: 6/6
  3667 | D:4      | Found a runed translucent gate.
  3668 | D:4      | Found a runed translucent gate.
  3669 | D:4      | Found a runed translucent gate.
  3669 | D:4      | Noticed ZombieSheep's ghost (amateur GnSu)
  3793 | D:4      | Noticed a necrophage
  3798 | D:4      | Killed a necrophage
  3799 | D:4      | Reached skill level 1 in Shields
  3921 | D:4      | XOM: cloud trail
  4063 | D:4      | Noticed Ijyb
  4075 | D:4      | Killed Ijyb
  4403 | D:5      | Entered Level 5 of the Dungeon
  4418 | D:5      | XOM: cleaving
  4423 | D:5      | Reached XP level 7. HP: 52/55 MP: 7/7
  4526 | D:5      | Reached skill level 6 in Long Blades
  4580 | D:5      | XOM: polymorph gnoll shaman -> jelly
  4774 | D:4      | XOM is BORED!
  4774 | D:4      | XOM: give mutations
  4774 | D:4      | Gained mutation: You sometimes lose the ability to read
                  | scrolls when taking damage. [Xom's mischief]
  4774 | D:4      | Gained mutation: Your spells are harder to cast, but more
                  | powerful. [Xom's mischief]
  4976 | D:5      | XOM: god gift: scale mail {god gift}
  5109 | D:5      | XOM: enchant monster (good)
  5139 | D:5      | Noticed Eustachio
  5152 | D:5      | Noticed Blork the orc
  5157 | D:5      | XOM: summons friendly crimson imp
  5168 | D:5      | Killed Blork the orc
  5172 | D:5      | Killed Eustachio
  5173 | D:5      | Reached skill level 5 in Fighting
  5173 | D:5      | Reached XP level 8. HP: 23/62 MP: 8/8
  5388 | D:5      | XOM: fake destruction
  5588 | D:4      | XOM: summons friendly iron imp
  5616 | D:4      | XOM: divination: detect items
  5648 | D:4      | XOM: polymorph orc warrior -> goblin
  5780 | D:4      | XOM: cloud trail
  5853 | D:5      | XOM: cast spell 'Cause Fear'
  5855 | D:5      | XOM: potion effect (invisibility)
  6164 | D:5      | XOM: 1-stop teleportation journey
  6485 | D:5      | XOM: divination: detect items
  6698 | D:5      | XOM: silly message
  6739 | D:5      | XOM: divination: magic mapping
  7046 | D:6      | XOM: smoke on damage
  7134 | D:6      | Reached skill level 7 in Long Blades
  7184 | D:6      | You fall into a shaft and drop 3 floors!
  7235 | D:8      | Noticed a two-headed ogre
  7300 | D:7      | Reached XP level 9. HP: 31/68 MP: 9/9
  7363 | D:7      | Reached skill level 8 in Long Blades
  7434 | D:7      | XOM: enchant monster (good)
  7468 | D:7      | Noticed a troll
  7477 | D:7      | XOM: noise
  7486 | D:7      | HP: 1/69 [something (13)]
  7493 | D:7      | Mangled by a shadow

Illustrated notes

Levels and vault maps discovered:
D:1:      zelgadis_glass_arrival_small, layout_loops_ring, serial_shops,
          shop_statue, hangedman_feature_mirror, corexii_corridor_pit,
          minmay_misc_feat_more_columns
D:2:      layout_basic, shapermc_ecumenical_altar_acropolis
D:3:      layout_rooms, mainiacjoe_overflow_catwalk, minmay_misc_feat_square,
          minmay_close_crescents
D:4:      layout_basic, gammafunk_ghost_split, serial_bayou_lagoon_a, uniq_ijyb
D:5:      layout_layer_cave, kennysheep_minor_cross, sword_in_stone
D:6:      layout_loops_cross
D:7:      minmay_the_grid_octo_2x2 [minmay_the_grid_octo_chip,
          minmay_the_grid_octo_focus, minmay_the_grid_octo_horde,
          minmay_the_grid_octo_prize_square_snowflake], layout_basic,
          minmay_temple_entry_glass, enter_ossuary_3
D:8:      layout_layer_cave, serial_glass, glass_columns_a, glass_columns_a
D:9:      layout_big_octagon, lair_entry_dummy, david_orc_2

Skill      XL: |  1  2  3  4  5  6  7  8  9 |
---------------+----------------------------+-----
Long Blades    | 4 5 6 7 8 |  8.2
Fighting       | 4 5 6 |  6.1
Shields        | 1 3 4 |  4.0
Dodging        | 2 3 4 |  4.2
Armour         | 3 4 |  4.5

Action                   |  1- 3 |  4- 6 |  7- 9 || total
-------------------------+-------+-------+-------++-------
Melee: Falchion          |    92 |    14 |       ||   106
       Long sword        |       |   102 |   205 ||   307
Throw: Dart              |    10 |    14 |       ||    24
Evoke: Wand              |       |       |     5 ||     5
  Use: Scroll            |       |    14 |     3 ||    17
       Potion            |       |     2 |     4 ||     6
 Stab: Petrified         |       |       |     2 ||     2
       Invisible         |       |       |     1 ||     1
Armor: Leather armour    |    23 |    42 |       ||    65
       Chain mail        |       |     9 |    48 ||    57
       Plate armour      |       |       |    61 ||    61
Dodge: Dodged            |    39 |    60 |    54 ||   153
Block: Buckler           |       |     2 |    51 ||    53
       Rpst.: Falchion   |    12 |     4 |       ||    16
       Long sword        |       |    17 |    12 ||    29
